 Dungeon Crawl Stone Soup version 0.31.0-1-g2c135a008e (webtiles) character file.

Game seed: 227808736994807375

357 qw the Shooter (level 6, 0/46 HPs)
             Began as a Djinni Hunter on Jan 24, 2024.
             Slain by a gnoll
             ... wielding a +0 club
              (4 damage)
             ... on level 4 of the Dungeon.
             The game lasted 00:00:09 (2822 turns).

qw the Shooter (Djinni Hunter)                      Turns: 2822, Time: 00:00:10

Health: 0/46       AC:  5    Str: 10    XL:     6   Next: 96%
Gold:   109        EV: 11    Int: 10    God:
                   SH:  0    Dex: 19

rFire   + + .        a - +2 shortbow
rCold   x . .        (shield currently unavailable)
rNeg    . . .        f - +0 ring mail
rPois   inf          (no helmet)
rElec   .            (no cloak)
rCorr   .            (no gloves)
SInv    .            (boots unavailable)
Will    .....        (no amulet)
Stlth   +            (no ring)
HPRegen 0.27/turn    (no ring)
MPRegen 0.00/turn

%: infuse magic (-1 HP)
@: about to teleport, flying
A: sickness immunity, fire resistance 2, cold vulnerability 1, float, innate
caster, HP casting, extra vitality 1
a: no special abilities


You were on level 4 of the Dungeon.
You visited 2 branches of the dungeon, and saw 5 of its levels.

You collected 254 gold pieces.
You spent 145 gold pieces at shops.


Innate Abilities, Weirdness & Mutations

You are immune to sickness and miasma.
You are immune to poison.
Your flesh is very heat resistant. (rF++)
You are vulnerable to cold. (rC-)
You float through the air rather than walking.
You learn spells naturally, not from books.
Your magical power is your life essence.
You have superior vitality. (+4 MHP)


   Skills:
 - Level 3.1 Fighting
 - Level 5.8 Ranged Weapons
 - Level 1.4 Armour
 + Level 2.3 Dodging
 - Level 0.7 Stealth


You knew the following spells:

 Your Spells              Type           Power      Damage    Failure   Level
a - Slow                  Hex            0%         N/A       67%         1
b - Static Discharge      Conj/Air       0%         3-3/arc   82%         2
Your spell library was empty.

Inventory:

Hand Weapons
 a - a +2 shortbow (weapon)
Armour
 f - a +0 ring mail (worn)
Wands
 g - a wand of flame (11)
Potions
 c - a potion of curing

Dungeon Overview and Level Annotations

Branches:
Dungeon (4/15)             Temple (1/1) D:4

Altars:
Cheibriados
Elyvilon
Fedhas
Gozag
Makhleb
Trog
Uskayaw
Wu Jian
Xom
Yredelemnul
Zin

Shops:
D:2 ?   D:3 ![???


Message History

The arrow hits the orc.
You kill the orc!
You hear a shout! x3
You shoot an arrow. The arrow completely misses the gnoll.
A gnoll comes into view. It is wielding a +0 club.
You shoot an arrow. The arrow hits the gnoll.
The gnoll is lightly wounded.
An orc comes into view. It is wielding a +0 hand axe.
You shoot an arrow. The arrow closely misses the gnoll.
The orc shouts!
The arrow hits the gnoll.
The gnoll is lightly wounded.
You hear a shout!
You shoot an arrow. The arrow completely misses the gnoll.
You shoot an arrow. The arrow hits the gnoll.
The gnoll is lightly wounded.
The gnoll hits you with a +0 club. x2
You shoot an arrow. The arrow barely misses the gnoll.
The gnoll hits you but does no damage. The gnoll closely misses you.
The gnoll hits you with a +0 club. The gnoll hits you but does no damage.
You shoot an arrow. The arrow hits the gnoll.
The gnoll is moderately wounded.
The gnoll hits you with a +0 club. x2
You shoot an arrow. The arrow barely misses the gnoll.
The arrow hits the orc.
The orc is severely wounded.
The gnoll hits you with a +0 club. x2
An orc comes into view. It is wielding a +0 club.
You shoot an arrow. The arrow closely misses the gnoll.
The orc shouts!
You hear a shout!
You hear a bark!
The gnoll hits you with a +0 club. x2
You shoot an arrow. The arrow completely misses the gnoll.
The gnoll hits you with a +0 club. The gnoll closely misses you. x2
The gnoll hits you with a +0 club.
2822 ||| READING scroll of teleportation.
As you read the scroll of teleportation, it crumbles to dust.
You feel strangely unstable.
An orc comes into view. It is wielding a +0 hand axe.
The gnoll hits you with a +0 club. x2
You die...

. # ####...........## #.#
####....#.#.#####...
....###....####...# #...
#........### ##..## ####
#.......#####..## ######
##........[.....####.....
#.#.......###..........<
# #..##...###.#####.....
....# #@......# ####.#
..####ogg......# #.# .
#..#.......# #.#
.)o##.......#### #.#
)..## ######..)).# #.. o.
#####)## ### . #).# #
##.###### #......#


You could see 2 gnolls and 3 orcs.

Vanquished Creatures
  Sigmund (D:4)
  An iguana (D:4)
  8 adders
  2 gnolls (D:4)
  2 ribbon worms (D:2)
  6 dart slugs
  6 orcs
  4 ball pythons
  4 endoplasms
  2 giant cockroaches
  A goblin (D:1)
  9 hobgoblins
  2 kobolds
  A quokka (D:3)
  6 bats
  5 frilled lizards
  4 rats
64 creatures vanquished.

Notes
Turn   | Place    | Note
-------+----------+-------------------------------------------
     0 | D:1      | qw the Djinni Hunter began the quest for the Orb.
     0 | D:1      | Reached XP level 1. HP: 18/18 MP: 0/0
     0 | D:1      | 0 ||| qw: Version: 0.3-a-136-gdd3b4e8
     0 | D:1      | 0 ||| qw: Game counter: 1318
     0 | D:1      | 0 ||| qw: Melee chars always use a shield: true
     0 | D:1      | 0 ||| qw: God list: Okawaru
     0 | D:1      | 0 ||| qw: Allow faded altars: false
     0 | D:1      | 0 ||| qw: Do Orc after clearing Dungeon:15 true
     0 | D:1      | 0 ||| qw: Do second Lair branch before Depths: true
     0 | D:1      | 0 ||| qw: Lair rune preference: random
     0 | D:1      | 0 ||| qw: Goals: Normal
     0 | D:1      | 0 ||| PLANNING D:1-11
    98 | D:1      | Reached XP level 2. HP: 23/23 MP: 0/0
   512 | D:1      | Reached XP level 3. HP: 28/28 MP: 0/0
   512 | D:1      | Learned a level 1 spell: Slow
   557 | D:1      | 557 ||| UPGRADING to +0 ring mail.
   567 | D:1      | 567 ||| DROPPING +0 leather armour.
   568 | D:1      | 568 ||| READING scroll labelled LUAMME POLLOR.
   669 | D:1      | 669 ||| READING scroll labelled VUWKATRAHI.
   669 | D:1      | 669 ||| ENCHANTING +0 shortbow.
   670 | D:1      | 670 ||| DROPPING scroll of butterflies.
   707 | D:2      | Reached skill level 4 in Ranged Weapons
   794 | D:2      | Found a white marble altar of Elyvilon.
   838 | D:2      | Reached skill level 1 in Armour
  1024 | D:2      | Reached XP level 4. HP: 24/33 MP: 0/0
  1349 | D:2      | Reached skill level 3 in Fighting
  1389 | D:2      | Found Niskoc's Magic Scroll Boutique.
  1395 | D:2      | 1395 ||| BUYING scroll of enchant weapon (105 gold).
  1395 | D:2      | Bought a scroll of enchant weapon for 105 gold pieces
  1395 | D:2      | 1395 ||| SHOPLISTING scroll of identify (28 gold, have 27).
  1395 | D:2      | 1395 ||| SHOPLISTING scroll of teleportation (42 gold, have
                  | 27).
  1395 | D:2      | 1395 ||| READING scroll of enchant weapon.
  1395 | D:2      | 1395 ||| ENCHANTING +1 shortbow.
  1626 | D:2      | 1626 ||| READING 2 scrolls labelled BIYXKI TER SOZ.
  1626 | D:2      | 1626 ||| IDENTIFYING fizzy ruby potion
  1627 | D:2      | 1627 ||| READING scroll of identify.
  1627 | D:2      | 1627 ||| IDENTIFYING scroll labelled HIAFEEDDAA
  1628 | D:2      | 1628 ||| READING scroll labelled FOKKIB JADI.
  1629 | D:2      | 1629 ||| READING scroll labelled BAERIG LUPHEHA.
  1633 | D:2      | 1633 ||| READING scroll labelled XOANYZ JYMNAMU.
  1634 | D:2      | 1634 ||| DROPPING scroll of fog.
  1635 | D:2      | 1635 ||| DROPPING potion of brilliance.
  1703 | D:3      | Found Utziefi's Armour Shoppe.
  1713 | D:3      | 1713 ||| SHOPLISTING +4 ring mail of fire resistance (372
                  | gold, have 43).
  1718 | D:3      | Found Nuishriev's Magic Scroll Boutique.
  1724 | D:3      | 1724 ||| SHOPLISTING scroll of enchant weapon (75 gold,
                  | have 43).
  1724 | D:3      | 1724 ||| BUYING scroll of identify (20 gold).
  1724 | D:3      | Bought a scroll of identify for 20 gold pieces
  1724 | D:3      | 1724 ||| BUYING scroll of identify (20 gold).
  1724 | D:3      | Bought a scroll of identify for 20 gold pieces
  1724 | D:3      | 1724 ||| SHOPLISTING scroll of identify (20 gold, have 3).
  1775 | D:3      | Reached XP level 5. HP: 40/40 MP: 0/0
  1775 | D:3      | Learned a level 2 spell: Static Discharge
  1794 | D:3      | Identified the +1 dagger "Omelette" {speed, rElec rC+ Will+
                  | Stlth+}
  1795 | D:3      | Identified the +8 spear of Meihateg {spect, rN+ Int-4 SInv
                  | Stlth+}
  1820 | D:3      | Found Paugopti's Magic Scroll Shop.
  1823 | D:3      | 1823 ||| SHOPLISTING scroll of identify (20 gold, have 9).
  1823 | D:3      | 1823 ||| SHOPLISTING scroll of teleportation (30 gold, have
                  | 9).
  1921 | D:3      | Found The Oracle's Delphic Readings.
  1925 | D:3      | 1925 ||| SHOPLISTING scroll of enchant weapon (97 gold,
                  | have 9).
  1925 | D:3      | 1925 ||| SHOPLISTING scroll of identify (26 gold, have 9).
  1925 | D:3      | 1925 ||| SHOPLISTING scroll of teleportation (39 gold, have
                  | 9).
  2146 | D:3      | Found Cosaad's Distillery.
  2152 | D:3      | 2152 ||| SHOPLISTING 2 potions of curing (84 gold, have
                  | 24).
  2152 | D:3      | 2152 ||| SHOPLISTING potion of curing (42 gold, have 24).
  2152 | D:3      | 2152 ||| SHOPLISTING potion of enlightenment (70 gold, have
                  | 24).
  2152 | D:3      | 2152 ||| SHOPLISTING potion of experience (700 gold, have
                  | 24).
  2152 | D:3      | 2152 ||| SHOPLISTING potion of haste (140 gold, have 24).
  2152 | D:3      | 2152 ||| SHOPLISTING potion of might (56 gold, have 24).
  2326 | D:3      | 2326 ||| DROPPING +6 ring of intelligence.
  2327 | D:3      | 2327 ||| READING 4 scrolls of identify.
  2327 | D:3      | 2327 ||| IDENTIFYING bubbling emerald potion
  2328 | D:3      | 2328 ||| READING 3 scrolls of identify.
  2328 | D:3      | 2328 ||| IDENTIFYING glowing coppery potion
  2329 | D:3      | 2329 ||| READING 2 scrolls of identify.
  2329 | D:3      | 2329 ||| IDENTIFYING scroll labelled NOEWEC ESTRIG
  2330 | D:3      | 2330 ||| DROPPING scroll of vulnerability.
  2331 | D:3      | 2331 ||| DROPPING potion of degeneration.
  2567 | D:4      | Found a staircase to the Ecumenical Temple.
  2568 | D:4      | 2568 ||| PLANNING TEMPLE
  2568 | D:4      | 2568 ||| READING scroll of identify.
  2568 | D:4      | 2568 ||| IDENTIFYING fuming grey potion
  2569 | D:4      | 2569 ||| DRINKING potion of mutation.
  2685 | Temple   | Entered the Ecumenical Temple
  2686 | Temple   | 2686 ||| PLANNING D:1-11
  2763 | D:4      | Noticed Sigmund
  2764 | D:4      | 2764 ||| ZAPPING wand of flame (18) at -7,6 (Sigmund;
                  | floor).
  2768 | D:4      | 2768 ||| ZAPPING wand of flame (17) at -3,3 (Sigmund;
                  | floor).
  2769 | D:4      | 2769 ||| ZAPPING wand of flame (16) at -2,2 (Sigmund;
                  | floor).
  2770 | D:4      | 2770 ||| ZAPPING wand of flame (15) at -2,2 (Sigmund;
                  | floor).
  2771 | D:4      | 2771 ||| ZAPPING wand of flame (14) at -2,2 (Sigmund;
                  | floor).
  2772 | D:4      | 2772 ||| ZAPPING wand of flame (13) at -2,2 (Sigmund;
                  | floor).
  2773 | D:4      | 2773 ||| ZAPPING wand of flame (12) at -2,2 (Sigmund;
                  | floor).
  2773 | D:4      | Killed Sigmund
  2774 | D:4      | Reached skill level 5 in Ranged Weapons
  2774 | D:4      | Reached XP level 6. HP: 37/46 MP: 0/0
  2821 | D:4      | HP: 8/46 [gnoll/+0 club (5)]
  2822 | D:4      | 2822 ||| READING scroll of teleportation.
  2822 | D:4      | Slain by a gnoll

Levels and vault maps discovered:
D:1:      wander_arrival_estate, layout_loops_cross, minmay_misc_feat_ornament
D:2:      layout_basic, serial_shops, nicolae_shop_rolling_square, basic_altar,
          serial_bayou_crossing
D:3:      layout_loops_ring, serial_shops, nicolae_shop_window_shopping,
          nicolae_shop_getting_attention, nicolae_shop_tiny_glass,
          nicolae_shop_hallway_plus, nicolae_nh_oracle_at_delphi
D:4:      layout_rooms, minmay_temple_entry_large_hall, uniq_crazy_yiuf_cottage,
          uniq_sigmund
Temple:   cyrus_circular_temple

Skill      XL: |  1  2  3  4  5 |
---------------+----------------+-----
Ranged Weapons | 4 5 |  5.8
Armour         | 1 |  1.4
Fighting       | 3 |  3.1
Dodging        | |  2.3
Stealth        | |  0.7

Action                     |  1- 3 |  4- 6 || total
---------------------------+-------+-------++-------
   Fire: Shortbow          |    62 |   133 ||   195
  Evoke: Wand              |       |     7 ||     7
    Use: Scroll            |     2 |    11 ||    13
         Potion            |       |     1 ||     1
 Armour: Leather armour    |     4 |       ||     4
         Ring mail         |     8 |    59 ||    67
  Dodge: Dodged            |    16 |    44 ||    60

Table legend:
 A = Non-vault XP
 B = Vault XP
 C = Vault XP percentage of total XP
 D = Non-vault monster count
 E = Vault monster count
 F = Vault count percentage of total count
                 A         B        C        D         E       F
            +---------+---------+-------+---------+---------+-------
      Total |     269 |     242 |  47.4 |      61 |       3 |   4.7
            +---------+---------+-------+---------+---------+-------
        D:1 |      29 |       0 |   0.0 |      18 |       0 |   0.0
        D:2 |      97 |       0 |   0.0 |      17 |       0 |   0.0
        D:3 |      49 |      16 |  24.6 |      16 |       2 |  11.1
        D:4 |      94 |     226 |  70.6 |      10 |       1 |   9.1
            +---------+---------+-------+---------+---------+-------
